 Dungeon Crawl Stone Soup version 0.24.1-8-ga250c9d538 (webtiles) character file.

Game seed: 14396346802879706315, levelgen mode: deterministic

140354 Buyeo the Severer (level 17, -1/110 HPs)
             Began as a Gargoyle Fighter on May 8, 2020.
             Was the Champion of Qazlal.
             Blown up by an orb spider (33 damage)
             ... with an orb of destruction
             ... on level 2 of the Spider Nest.
             The game lasted 01:17:09 (29620 turns).

Buyeo the Severer (Gargoyle Fighter)               Turns: 29620, Time: 01:17:11

Health: -1/110     AC: 47    Str: 28    XL:     17   Next: 30%
Magic:  42/42      EV:  7    Int: 21    God:    Qazlal [******]
Gold:   2149       SH: 27    Dex:  9    Spells: 24/26 levels left

rFire    . . .     SeeInvis +   a - +8 broad axe (elec)
rCold    . . .     Gourm    .   A - +1 shield {AC+3}
rNeg     + . .     Faith    .   q - +5 plate armour "Anekhib" {MR+ MP+9 Int+4}
rPois    ∞         Spirit   .   I - +2 hat {SInv}
rElec    +         Reflect  +   X - +2 cloak "Kiblefu" {rPois}
rCorr    +         Harm     .   x - +0 pair of gloves "Teateix" {rPois Str+5}
MR       ++...                  (no boots)
Stlth    ..........             c - +5 amulet of reflection
HPRegen  0.28/turn              G - ring of resist corrosion
MPRegen  0.28/turn              p - ring of the Catfish {MP+9 Int+4}

@: protected from physical damage, berserk cooldown, flying, slowed, repel
missiles, very slow
A: big wings, negative energy resistance 1, electricity resistance, unbreathing,
petrification resistance, rot immunity, AC +12
a: Stop Flying, Upheaval, Elemental Force, Disaster Area, Renounce Religion


You were on level 2 of the Spider Nest.
You worshipped Qazlal.
Qazlal was exalted by your worship.
You were very hungry.

You visited 5 branches of the dungeon, and saw 26 of its levels.
You also visited: Gauntlet and Ice Cave.

You collected 2858 gold pieces.
You spent 709 gold pieces at shops.

Inventory:

Hand Weapons
 a - a +8 broad axe of electrocution (weapon)
 b - the +3 morningstar "Cookie Cutter" {crush, rC- rN+ MR+ Dex+5}
   (You found it in a Gauntlet)

   It inflicts extra damage upon your enemies.
   It affects your dexterity (+5).
   It makes you vulnerable to cold.
   It protects you from negative energy.
   It affects your resistance to hostile enchantments.
Missiles
 n - 25 javelins (quivered)
 B - 6 throwing nets
 L - 49 poisoned darts
Armour
 q - the +5 plate armour "Anekhib" (worn) {MR+ MP+9 Int+4}
   (You took it off a minotaur in a Gauntlet)

   It affects your intelligence (+4).
   It affects your resistance to hostile enchantments.
   It affects your magic capacity (+9).
 x - the +0 pair of gloves "Teateix" (worn) {rPois Str+5}
   (You found it in a Gauntlet)

   It affects your strength (+5).
   It protects you from poison.
 A - a +1 shield of protection (worn)
 I - a +2 hat of see invisible (worn)
 R - the +4 ring mail of Darkness {Str+3 Int+7}
   (You bought it in a shop on level 2 of the Orcish Mines)

   It affects your strength (+3).
   It affects your intelligence (+7).
 X - the +2 cloak "Kiblefu" (worn) {rPois}
   (You found it on level 13 of the Dungeon)

   It protects you from poison.
Jewellery
 c - a +5 amulet of reflection (around neck)
 d - an uncursed ring of protection from fire
 p - the ring of the Catfish (right hand) {MP+9 Int+4}
   (You took it off a minotaur in a Gauntlet)

   [ring of magical power]

   It affects your intelligence (+4).
   It affects your magic capacity (+9).
 G - a ring of resist corrosion (left hand)
 N - the amulet of the Jester {Spirit rPois rC+}
   (You found it on level 9 of the Dungeon)

   [amulet of guardian spirit]

   It causes incoming damage to be split between your health and magic.
   It protects you from cold.
   It protects you from poison.
 Q - a +3 ring of protection
 T - an uncursed ring of protection from magic
 U - an uncursed ring of ice
Wands
 j - a wand of polymorph (11)
 w - a wand of paralysis (13)
 O - a wand of acid (3)
 S - a wand of clouds (8)
 W - a wand of iceblast (3)
Scrolls
 g - 4 scrolls of fear
 i - 16 scrolls of teleportation
 m - 19 scrolls of remove curse
 D - a scroll of fog
 J - 2 scrolls of blinking
 K - 12 scrolls of identify
 M - a scroll of summoning
 Y - 2 scrolls of enchant armour
Potions
 e - 4 potions of haste
 k - 3 potions of agility
 l - 3 potions of ambrosia
 o - 2 potions of lignification
 s - 3 potions of resistance
 t - 2 potions of brilliance
 v - a potion of magic
 C - a potion of curing
 E - a potion of cancellation
 H - 3 potions of heal wounds
 V - 2 potions of might
 Z - 2 potions of invisibility
Miscellaneous
 z - a lightning rod (4/4)
 F - a box of beasts
 P - a phial of floods
Comestibles
 f - 56 rations


   Skills:
 + Level 13.8 Fighting
 + Level 17.1 Axes
 - Level 1.1(12.5) Maces & Flails
 + Level 1.2 Throwing
 * Level 14.6 Armour
 - Level 11.6 Shields
 * Level 5.2 Spellcasting
 * Level 5.3 Charms
 - Level 9.1 Invocations
 + Level 0.5 Evocations


You had 24 spell levels left.
You knew the following spells:

 Your Spells              Type           Power        Failure   Level  Hunger
a - Song of Slaying       Chrm           ####....     17%         2    None

Your spell library contained the following spells:

 Spells                   Type           Power        Failure   Level  Hunger
 Infusion                 Chrm           ####         12%         1    None
 Shroud of Golubria       Chrm/Tloc      ###...       45%         2    None
 Swiftness                Chrm/Air       ###.....     45%         2    None
 Animate Skeleton         Necr           N/A          71%         1    None
 Beastly Appendage        Tmut           #.....       71%         1    None
 Corona                   Hex            #......      71%         1    None
 Magic Dart               Conj           #...         71%         1    None
 Pain                     Necr           #...         71%         1    None
 Sandblast                Erth           #.....       71%         1    None
 Shock                    Conj/Air       #...         71%         1    None
 Summon Small Mammal      Summ           #...         71%         1    None
 Regeneration             Chrm/Necr      ###.......   71%         3    ##.....
 Spectral Weapon          Hex/Chrm       ###.....     71%         3    ##.....
 Call Imp                 Summ           #.......     83%         2    None
 Ensorcelled Hibernation  Hex/Ice        #.....       83%         2    None
 Searing Ray              Conj           #.....       83%         2    None
 Sticks to Snakes         Tmut           #.......     83%         2    None
 Call Canine Familiar     Summ           #.......     97%         3    ##.....
 Confuse                  Hex            #.......     97%         3    ##.....
 Dazzling Spray           Conj/Hex       #.....       97%         3    ##.....
 Spider Form              Tmut/Pois      #.........   97%         3    ##.....
 Static Discharge         Conj/Air       #.......     97%         3    ##.....
 Summon Guardian Golem    Hex/Summ       #.......     97%         3    ##.....
 Tukima's Dance           Hex            #.......     97%         3    ##.....
 Vampiric Draining        Necr           #.........   97%         3    ##.....
 Airstrike                Air            #.........   100%        4    ####...
 Animate Dead             Necr           N/A          100%        4    ####...
 Force Lance              Conj/Tloc      #.......     100%        4    ####...
 Fulminant Prism          Conj/Hex       #.........   100%        4    ####...
 Ice Form                 Ice/Tmut       #.......     100%        4    ####...
 Iskenderun's Mystic Bla  Conj           #.......     100%        4    ####...
 Summon Ice Beast         Ice/Summ       #.......     100%        4    ####...
 Summon Lightning Spire   Summ/Air       #.......     100%        4    ####...
 Blade Hands              Tmut           #.........   100%        5    #####..
 Bolt of Magma            Conj/Fire/Erth #.........   100%        5    #####..
 Lightning Bolt           Conj/Air       #.........   100%        5    #####..
 Iron Shot                Conj/Erth      #.........   100%        6    #######
 Shatter                  Erth           #.........   100%        9    #######


Dungeon Overview and Level Annotations

Branches:
Dungeon (15/15)            Temple (1/1) D:5            Lair (6/6) D:10
  Swamp (0/4) Lair:3       Spider (1/4) Lair:3        Slime (0/5) Lair:5
    Orc (2/2) D:10            Elf (0/3) Orc:2        Vaults (0/5) D:14
 Depths (0/5) D:15          IceCv (visited)         Gauntlet (visited)

Altars:
Ashenzari
Cheibriados
Dithmenos
Elyvilon
Fedhas
Gozag
Hepliaklqana
Kikubaaqudgha
Makhleb
Nemelex Xobeh
Okawaru
Qazlal
Ru
Sif Muna
Trog
Uskayaw
Vehumet
Wu Jian
Xom
Yredelemnul
Zin
The Shining One
Beogh

Shops:
D:8 *   Orc:2 [[%[*%([=

Portals:
Trove: D:12 (give 4 scrolls of blinking)

Annotations:
D:5 exclusion: downstairs
D:7 exclusion: downstairs
D:11 exclusion: downstairs
D:14 exclusion: downstairs


Innate Abilities, Weirdness & Mutations

You are resistant to torment.
Your stone body is resilient. (AC +12)
You are immune to poison.
Your large and strong wings let you fly indefinitely.
You resist negative energy. (rN+)
You are resistant to electric shocks. (rElec)
You can survive without breathing.
You are immune to petrification.
You are immune to rotting.


Message History

You hear an angry hiss.
You slice the jumping spider!!
Lightning courses through the jumping spider!!
You kill the jumping spider!
Qazlal accepts your kill.
You slash the redback!
You kill the redback!
Qazlal accepts your kill.
Your shield and plate armour "Anekhib" prevent you from hitting the redback.
You block the redback's attack.
The orb spider weaves a glowing orb of energy. x2
You block the redback's attack. 2 orbs of destruction come into view.
The redback bites you but does no damage.
You block the demonic crawler's attack. x3
The orbs collide in a blinding explosion!
The orb of destruction hits the redback!!
The orb of destruction hits the demonic crawler!!!
The orb of destruction hits you!!
You die...

.^#.... #..
.....## ....
#.....##...
#.......s# .
#......s.# # ..
..○%s..#..# ...
###s☼§.(....
.... #..s@s#
.....#^.○s.##
s..#s†○†○..##
......#○°○○..##
.....*†s.†s...#
.......††...###
..........†.#
..##..........#
. ...........>#


You could see a demonic crawler, 4 orb spiders, a tarantella and 4 redbacks.

Vanquished Creatures
  Gastronok (D:8)
  2 fire giants
  2 emperor scorpions (Spider:1)
  2 orc warlords (Orc:2)
  2 reapers
  An entropy weaver (Spider:2)
  An ettin (D:12)
  Snorg (Orc:2)
  Josephine (D:13)
  Harold (D:8)
  A vault guard (D:14)
  Fannar (Lair:3)
  2 rakshasas (D:15)
  5 two-headed ogres
  4 hydras
  An anaconda (Lair:6)
  3 centaur warriors
  An ogre mage (D:15)
  4 orc high priests (Orc:2)
  A death knight (D:12)
  6 death yaks
  A deep troll earth mage (D:12)
  A queen ant (Lair:3)
  A soul eater (Gauntlet)
  A deep elf knight (Orc:2)
  3 unseen horrors
  3 skeletal warriors (D:14)
  2 wizards
  4 orc knights (Orc:2)
  3 deep elf magi
  An oklob plant (Lair:1)
  6 cyclopes
  14 wolf spiders
  A manticore (D:13)
  10 orc sorcerers
  4 orb spiders
  10 elephants
  22 ugly things
  2 ice statues (IceCv)
  A torpor snail (shapeshifter) (D:15)
  Joseph (D:8)
  A guardian serpent (Lair:6)
  9 black mambas
  5 gargoyles
  16 spiny frogs
  Psyche (D:8)
  A black mamba (shapeshifter) (D:15)
  A kobold demonologist (D:13)
  A torpor snail (Spider:2)
  8 komodo dragons
  A freezing wraith (D:14)
  10 ice devils
  11 demonic crawlers
  A hellwing (Gauntlet)
  3 polar bears
  17 jumping spiders
  A merfolk (D:12)
  6 meliai (D:14)
  6 blink frogs
  4 slime creatures (D:15)
  3 hornets
  9 trolls
  11 hippogriffs
  A harpy skeleton (D:15)
  A meliai zombie (D:14)
  4 wraiths
  7 wyverns
  13 tarantellas
  39 redbacks
  3 basilisks
  56 yaks
  4 hungry ghosts
  A spectral komodo dragon (Gauntlet)
  A steam dragon (D:11)
  5 vampire mosquitoes
  A warg (Orc:2)
  8 soldier ants (Lair:3)
  27 water moccasins
  6 porcupines
  4 black bears
  An ice beast (shapeshifter) (D:15)
  28 orc warriors
  6 sky beasts
  2 ice beasts
  13 ogres
  A necrophage (D:15)
  18 centaurs
  5 boggarts (D:15)
  19 wolves
  12 crocodiles
  3 big kobolds
  A gnoll sergeant (D:7)
  16 bullfrogs
  7 scorpions
  15 killer bees
  4 wights (D:11)
  3 howler monkeys (D:10)
  3 electric eels (Lair:3)
  5 crimson imps
  4 jellies
  5 hounds
  2 bullfrog zombies
  17 orc priests
  28 orc wizards
  5 centaur skeletons
  7 iguanas
  33 worker ants
  2 hound zombies
  A hound skeleton (D:7)
  2 worker ant zombies
  10 adders
  6 gnolls
  A gnoll (shapeshifter) (D:15)
  A howler monkey skeleton (D:9)
  6 shadow imps
  5 white imps (IceCv)
  8 ufetubi (IceCv)
  An ooze (D:3)
  An adder skeleton (D:5)
  3 worms
  2 dart slugs
  4 leopard geckos
  98 orcs
  3 bats
  10 giant cockroaches
  9 goblins
  10 hobgoblins
  15 jackals
  7 quokkas
  2 frilled lizards
  20 kobolds
  A quokka zombie (D:8)
  10 rats
  A butterfly (Lair:2)
  2 fungi
  2 plants (Lair:6)
947 creatures vanquished.

Vanquished Creatures (collateral kills)
  A minotaur (Gauntlet)
  A death scarab (Gauntlet)
2 creatures vanquished.

Vanquished Creatures (others)
  3 white imps (IceCv)
  4 ufetubi (IceCv)
  A bush (Lair:6)
  18 fungi
  13 plants
39 creatures vanquished.

Grand Total: 988 creatures vanquished

Notes
Turn   | Place    | Note
-------+----------+-------------------------------------------
     0 | D:1      | Buyeo the Gargoyle Fighter began the quest for the Orb.
     0 | D:1      | Reached XP level 1. HP: 14/14 MP: 1/1
    42 | D:1      | Reached skill level 2 in Axes
   135 | D:1      | Reached XP level 2. HP: 15/19 MP: 2/2
   680 | D:2      | Reached XP level 3. HP: 23/23 MP: 3/3
   743 | D:2      | Found a shadowy altar of Dithmenos.
  1162 | D:2      | Reached XP level 4. HP: 29/29 MP: 4/4
  1228 | D:2      | Reached skill level 3 in Axes
  1829 | D:3      | Reached XP level 5. HP: 33/33 MP: 5/5
  2059 | D:3      | Found a radiant altar of Vehumet.
  2059 | D:3      | Found a shattered altar of Ashenzari.
  2465 | D:4      | Reached skill level 4 in Axes
  2465 | D:4      | Reached XP level 6. HP: 29/38 MP: 6/6
  2931 | D:5      | Entered Level 5 of the Dungeon
  3249 | D:5      | Reached XP level 7. HP: 25/43 MP: 7/7
  3418 | D:5      | Reached skill level 5 in Axes
  3639 | D:5      | Reached skill level 5 in Shields
  3934 | D:5      | Found a staircase to the Ecumenical Temple.
  3946 | Temple   | Entered the Ecumenical Temple
  4078 | Temple   | Became a worshipper of Qazlal Stormbringer
  4227 | D:6      | Reached skill level 5 in Armour
  4412 | D:6      | Reached XP level 8. HP: 37/48 MP: 8/8
  4619 | D:6      | Reached skill level 6 in Axes
  5421 | D:6      | Reached skill level 5 in Fighting
  5771 | D:7      | Reached * piety under Qazlal
  6106 | D:7      | Reached skill level 7 in Axes
  6443 | D:6      | Reached XP level 9. HP: 55/55 MP: 9/9
  7406 | D:8      | Reached skill level 8 in Axes
  7515 | D:8      | Noticed Psyche
  7529 | D:8      | Killed Psyche
  7547 | D:8      | Noticed Harold
  7593 | D:8      | Killed Harold
  7593 | D:8      | Reached skill level 9 in Axes
  7593 | D:8      | Reached XP level 10. HP: 25/61 MP: 10/10
  7816 | D:8      | Found Voeck's General Store.
  7821 | D:8      | Reached ** piety under Qazlal
  7827 | D:8      | Bought a potion of heal wounds for 75 gold pieces
  8111 | D:8      | Found a glowing silver altar of Zin.
  8280 | D:8      | Found an ornate altar of the Wu Jian Council.
  8282 | D:8      | Found a shimmering altar of Xom.
  8294 | D:8      | Found an iron altar of Okawaru.
  8318 | D:8      | Reached skill level 1 in Throwing
  8341 | D:8      | Noticed Joseph
  8368 | D:8      | Killed Joseph
  8680 | D:8      | Found a glowing silver altar of Zin.
  8825 | D:8      | Noticed Gastronok
  8888 | D:8      | Killed Gastronok
  8888 | D:8      | Reached skill level 10 in Axes
  9229 | D:9      | Reached XP level 11. HP: 60/68 MP: 11/11
  9405 | D:9      | Reached skill level 10 in Armour
  9540 | D:9      | Reached *** piety under Qazlal
 10549 | D:9      | Reached skill level 11 in Axes
 10586 | D:9      | Got a scorched diamond amulet
 10591 | D:9      | Identified the amulet of the Jester {Spirit rPois rC+} (You
                  | found it on level 9 of the Dungeon)
 10614 | D:9      | Noticed a centaur warrior
 10640 | D:9      | Killed a centaur warrior
 10640 | D:9      | Reached skill level 1 in Invocations
 11190 | D:10     | Entered Level 10 of the Dungeon
 11497 | D:10     | Found a staircase to the Lair.
 11502 | D:10     | Found a staircase to the Orcish Mines.
 11609 | D:10     | Found a roughly hewn altar of Beogh.
 12372 | D:11     | Reached **** piety under Qazlal
 12584 | D:11     | Found a sacrificial altar of Ru.
 12719 | D:11     | Noticed an unseen horror
 12745 | D:11     | Killed an unseen horror
 12911 | D:11     | Noticed a cyclops
 12930 | D:11     | Killed a cyclops
 12930 | D:11     | Reached XP level 12. HP: 49/76 MP: 8/14
 13274 | D:12     | Reached ***** piety under Qazlal
 13327 | D:12     | Reached skill level 12 in Axes
 13573 | D:12     | Noticed a death knight
 13578 | D:12     | Noticed an eight-headed hydra
 13783 | D:12     | Reached skill level 5 in Invocations
 14205 | Lair:1   | Entered Level 1 of the Lair of Beasts
 14251 | Lair:1   | Noticed a seven-headed hydra
 14268 | Lair:1   | Found a gate leading to a gauntlet.
 14280 | Gauntlet | Entered a Gauntlet
 14280 | Gauntlet | Found a transporter.
 14289 | Gauntlet | Noticed a death scarab
 14290 | Gauntlet | Found a transporter.
 14305 | Gauntlet | Found a transporter.
 14310 | Gauntlet | Found a transporter.
 14324 | Gauntlet | Noticed an entropy weaver
 14325 | Gauntlet | Found a transporter.
 14344 | Gauntlet | Found a transporter.
 14356 | Gauntlet | Found a transporter.
 14356 | Gauntlet | Noticed a reaper
 14368 | Gauntlet | Found a transporter.
 14376 | Gauntlet | Noticed a death ooze
 14380 | Gauntlet | Found a transporter.
 14392 | Gauntlet | Found a transporter.
 14409 | Gauntlet | Found a transporter.
 14427 | Gauntlet | Found a transporter.
 14429 | Gauntlet | Found a transporter.
 14431 | Gauntlet | Noticed a great orb of eyes
 14449 | Gauntlet | Noticed a soul eater
 14454 | Gauntlet | Found a transporter.
 14456 | Gauntlet | Found a transporter.
 14459 | Gauntlet | Noticed an entropy weaver
 14459 | Gauntlet | a great orb of eyes changed into an entropy weaver
 14476 | Gauntlet | Found a transporter.
 14567 | Gauntlet | Noticed a ghost moth
 14609 | Gauntlet | Killed a soul eater
 14725 | Gauntlet | Found a transporter.
 14725 | Gauntlet | Found a transporter.
 14795 | Gauntlet | Killed a death scarab
 15207 | Gauntlet | Killed a reaper
 15360 | Gauntlet | Identified the +5 plate armour "Anekhib" {MR+ MP+9 Int+4}
 15360 | Gauntlet | Identified the ring of the Catfish {MP+9 Int+4}
 15360 | Gauntlet | Noticed a minotaur
 15387 | Gauntlet | Killed a minotaur
 15514 | Gauntlet | Identified the Collected Works on the Oath and the
                  | Mountains
 15542 | Gauntlet | Got a pair of shimmering gloves
 15548 | Gauntlet | Identified the +0 pair of gloves "Teateix" {rPois Str+5}
                  | (You found it in a Gauntlet)
 15551 | Gauntlet | Got a twisted morningstar
 15574 | Gauntlet | Identified the +3 morningstar "Cookie Cutter" {crush, rC-
                  | rN+ MR+ Dex+5} (You found it in a Gauntlet)
 15592 | Lair:1   | Killed a seven-headed hydra
 15596 | Lair:1   | Reached XP level 13. HP: 74/82 MP: 17/17
 15602 | Lair:1   | Reached skill level 1 in Maces & Flails
 15753 | Lair:1   | Reached skill level 10 in Fighting
 16711 | Lair:2   | Reached skill level 10 in Shields
 17046 | Lair:3   | Found a hole to the Spider Nest.
 17141 | Lair:3   | Noticed Fannar
 17194 | Lair:3   | Killed Fannar
 17639 | Lair:3   | Found a staircase to the Swamp.
 17700 | Lair:3   | Reached skill level 13 in Axes
 19381 | Lair:5   | Found a staircase to the Slime Pits.
 19430 | Lair:5   | Gained mutation: Your large and strong wings let you fly
                  | indefinitely. [Gargoyle growth]
 19430 | Lair:5   | Reached XP level 14. HP: 75/88 MP: 20/20
 20085 | Lair:6   | Entered Level 6 of the Lair of Beasts
 20299 | Lair:5   | Learned a level 2 spell: Song of Slaying
 20643 | Lair:6   | Reached ****** piety under Qazlal
 20687 | Lair:6   | Reached skill level 14 in Axes
 21023 | Lair:6   | Identified 3 scrolls of acquirement
 21026 | Lair:6   | Got a smoking large shield
 21037 | Lair:6   | Identified the -8 large shield of Fortitude {Regen+ rCorr
                  | Dex+4} (You acquired it on level 6 of the Lair of Beasts)
 21937 | Orc:1    | Entered Level 1 of the Orcish Mines
 22114 | Orc:1    | Found a frozen archway.
 22136 | IceCv    | Entered an ice cave
 22379 | IceCv    | Reached XP level 15. HP: 96/96 MP: 21/21
 22751 | Orc:2    | Entered Level 2 of the Orcish Mines
 22753 | Orc:2    | Found Ynotaf's Antique Weapon Shop.
 22755 | Orc:2    | Found Fezynu's Food Boutique.
 22985 | Orc:2    | Reached skill level 15 in Axes
 22987 | Orc:2    | Noticed an orc warlord
 23003 | Orc:2    | Killed an orc warlord
 23332 | Orc:2    | Found Tilievink's Armour Boutique.
 23399 | Orc:2    | Found Erasm's Jewellery Emporium.
 23439 | Orc:2    | Noticed Snorg
 23454 | Orc:2    | Identified the +9 scimitar "Ynlaot" {vamp, *Drain +Rage
                  | Dex+3}
 23455 | Orc:2    | Killed Snorg
 23574 | Orc:2    | Identified the cursed +2 scimitar of Untruth {venom, Int+3
                  | Dex+2 SInv}
 23578 | Orc:2    | Noticed an orc warlord
 23593 | Orc:2    | Killed an orc warlord
 23930 | Orc:2    | Found Ycoh's Antique Armour Emporium.
 23938 | Orc:2    | Bought a pair of runed gloves for 172 gold pieces
 24000 | Orc:2    | Found Anusmux's General Store.
 24008 | Orc:2    | Found a staircase to the Elven Halls.
 24045 | Orc:2    | Found Raclifiq's Antique Armour Boutique.
 24051 | Orc:2    | Bought a shiny shield for 255 gold pieces
 24094 | Orc:2    | Found Zuhas's Armour Boutique.
 24114 | Orc:2    | Found Ehuneal's Food Boutique.
 24321 | Orc:2    | Bought an ancient ring mail for 207 gold pieces
 24326 | Orc:2    | Identified the +4 ring mail of Darkness {Str+3 Int+7} (You
                  | bought it in a shop on level 2 of the Orcish Mines)
 24436 | D:12     | HP: 1/97 [18-headed hydra (6)]
 24837 | D:12     | Found a portal to a secret trove of treasure.
 24956 | D:12     | Found a runed translucent door.
 24956 | D:12     | Noticed a fire giant
 25493 | D:12     | Killed a fire giant
 25493 | D:12     | Reached skill level 1 in Spellcasting
 25493 | D:12     | Reached skill level 1 in Charms
 25709 | D:13     | Noticed Josephine
 25715 | D:13     | Killed Josephine
 26279 | D:13     | Got a bloodstained cloak
 26280 | D:13     | Identified the +2 cloak "Kiblefu" {rPois} (You found it on
                  | level 13 of the Dungeon)
 26493 | D:14     | Reached XP level 16. HP: 69/103 MP: 20/22
 26779 | D:14     | Reached skill level 16 in Axes
 27030 | D:14     | Found a gate to the Vaults.
 27314 | D:15     | Entered Level 15 of the Dungeon
 28011 | D:15     | Found a staircase to the Depths.
 28163 | D:15     | Found a blossoming altar of Fedhas.
 28426 | Spider:1 | Entered Level 1 of the Spider Nest
 29238 | Spider:1 | Reached XP level 17. HP: 106/109 MP: 23/23
 29574 | Spider:1 | You are sucked into a shaft and drop 1 floor!
 29592 | Spider:2 | Reached skill level 5 in Charms
 29593 | Spider:2 | Reached skill level 17 in Axes
 29596 | Spider:2 | Reached skill level 5 in Spellcasting
 29620 | Spider:2 | Blown up by an orb spider

Levels and vault maps discovered:
D:1:      nicolae_arrival_washed_ashore, layout_basic
D:2:      layout_basic, hex_large, grunt_dithmenos_smoke_and_mirrors
D:3:      layout_basic, gammafunk_temple_overflow_elements, st_stairs_11
D:4:      layout_gridville
D:5:      layout_basic, temple_hall, first_ration
D:6:      layout_basic
D:7:      layout_layer_cave
D:8:      layout_loops_ring, zin_academy,
          chequers_temple_overflow_statue_of_worship, basic_altar, serial_shops,
          kennysheep_mini_moat, uniq_joseph, uniq_psyche, uniq_gastronok,
          uniq_harold
D:9:      wad_arrow_thing, layout_layer_cave
D:10:     nicolae_whirlpool, layout_layer_cave, lair_entry_dummy,
          minmay_orc_entry_temple_small
D:11:     layout_roguey, basic_altar
D:12:     layout_long_grid, enter_trove_0, hangedman_fish_farm,
          minmay_curled_crystal, kennysheep_treasure_room
D:13:     layout_loops_ring, uniq_josephine
D:14:     layout_basic, david_vaults_5, serial_park_tiny_pond,
          serial_park_tiny_pond, hex_intersection
D:15:     gammafunk_enter_depths_forms, layout_cave_pools, minmay_crystal_room,
          fedhas_altar_1
Temple:   regret_index_temple_sphere_string
Lair:1:   layout_chaotic_city, gauntlet_entry_generic, dpeg_stationary_puzzle
Lair:2:   layout_chaotic_city, lemuel_fruit_fields
Lair:3:   layout_cave_pods, minmay_swamp_entry_eels,
          spider_nest_entry_funnel_web, zaba_antful_of_joy, uniq_fannar
Lair:4:   layout_long_grid, lightli_volcano_entry_magma_tube,
          chequers_serial_rivers_marsh
Lair:5:   layout_regular_city, slime_dummy
Lair:6:   hangedman_lair_tendril_chambers, layout_layer_cave, grunt_megastairs_4
Spider:1: layout_spider_delve, hangedman_spider_mandibles, drop_trap,
          spiders_nest_hornet_nest
Spider:2: layout_spider_delve
Orc:1:    layout_caves, portal_ice_cave_demonic_guard,
          nicolae_orc_flooded_monolith
Orc:2:    grunt_orc_gardens, layout_caves, grunt_orc_garden, grunt_orc_garden,
          grunt_orc_garden, grunt_orc_garden, serial_shops, shop,
          shop_fountains, nicolae_shop_crystal, nicolae_shop_crystal, shop,
          special_room, elf_legates, uniq_snorg

Skill      XL: |  1  2  3  4  5  6  7  8  9 10 11 12 13 14 15 16 17 |
---------------+----------------------------------------------------+-----
Axes           | 2 3 4 5 7 9 10 11 12 13 14 15 16 17 | 17.1
Shields        | 4 5 7 9 11 | 11.6
Armour         | 4 5 6 8 9 10 11 12 13 14 | 14.6
Fighting       | 4 5 6 8 9 10 11 12 13 | 13.8
Throwing       | 1 |  1.2
Invocations    | 3 6 8 9 |  9.1
Maces & Flails | 1 |  1.1
Spellcasting   | 2 4 5 |  5.2
Charms         | 2 4 5 |  5.3
Evocations     | |  0.5

Action                   |  1- 3 |  4- 6 |  7- 9 | 10-12 | 13-15 | 16-18 || total
-------------------------+-------+-------+-------+-------+-------+-------++-------
Melee: War axe           |    44 |       |       |       |   190 |       ||   234
       Hand axe          |    65 |   153 |   267 |   850 |   593 |       ||  1928
       Morningstar       |       |       |       |     5 |     8 |     3 ||    16
       Broad axe         |       |       |       |       |   398 |   339 ||   737
Throw: Boomerang         |       |       |     1 |     3 |       |       ||     4
       Throwing net      |       |       |       |     1 |       |       ||     1
 Cast: Song of Slaying   |       |       |       |       |     8 |    19 ||    27
Invok: Elemental Force   |       |       |       |     6 |       |       ||     6
       Disaster Area     |       |       |       |       |     2 |       ||     2
 Abil: Fly               |       |       |       |       |     1 |       ||     1
Evoke: Wand              |       |       |       |     1 |       |       ||     1
       Phial of floods   |       |       |       |     1 |       |       ||     1
  Use: Scroll            |       |       |    11 |    13 |    13 |     1 ||    38
       Potion            |       |       |     2 |     9 |       |     4 ||    15
 Stab: Invisible         |       |       |     1 |       |       |       ||     1
       Distracted        |       |       |       |     1 |       |       ||     1
  Eat: Chunk             |     1 |     4 |    13 |    21 |    32 |     6 ||    77
       Ration            |       |     1 |       |     3 |     1 |     1 ||     6
Armor: Scale mail        |    51 |    66 |       |       |       |       ||   117
       Chain mail        |       |       |   152 |    64 |       |       ||   216
       Plate armour      |       |       |       |   372 |   415 |   216 ||  1003
       Skin              |       |       |       |     4 |       |       ||     4
       Ring mail         |       |       |       |       |    68 |   123 ||   191
Dodge: Dodged            |    38 |    38 |    49 |   121 |   198 |   139 ||   583
       Deflected         |       |       |       |     1 |     8 |     3 ||    12
Block: Shield            |    51 |    86 |   137 |   616 |  1160 |   438 ||  2488
       Reflection        |       |       |       |       |     3 |       ||     3
